 Dungeon Crawl Stone Soup version 0.29.1-2-gbd0b4ee654 (webtiles) character file.

Game seed: 10230604371550117359

21 qeuew the Ducker (level 3, -5/28 HPs)
             Began as a Djinni Gladiator on Nov 3, 2022.
             Frozen to death by an endoplasm (7 damage)
             ... on level 1 of the Dungeon.
             The game lasted 00:00:45 (761 turns).

qeuew the Ducker (Djinni Gladiator)                  Turns: 761, Time: 00:00:46

Health: -5/28      AC:  4    Str: 13    XL:     3   Next: 2%
Gold:   22         EV: 12    Int: 11    God:
                   SH:  0    Dex: 14

rFire   + + .      SeeInvis .   a - +0 long sword
rCold   x . .      Faith    .   (no shield)
rNeg    . . .      Spirit   .   b - +0 leather armour
rPois   ∞          Reflect  .   c - +0 helmet
rElec   .          Harm     .   (no cloak)
rCorr   .          Rampage  .   (no gloves)
Will    .....                   (boots unavailable)
Stlth   +.........              (no amulet)
HPRegen 0.09/turn               (no ring)
MPRegen 0.00/turn               (no ring)

@: flying
A: sickness immunity, fire resistance 2, cold vulnerability 1, float, innate
caster, HP casting, extra vitality 1
a: no special abilities


You were on level 1 of the Dungeon.
You visited 1 branch of the dungeon, and saw 1 of its levels.

You collected 22 gold pieces.

Inventory:

Hand Weapons
 a - a +0 long sword (weapon)
Missiles
 d - 3 throwing nets (quivered)
 e - a javelin
Armour
 b - a +0 leather armour (worn)
 c - a +0 helmet (worn)
Scrolls
 f - a scroll of amnesia {unknown}
 g - 2 scrolls of identify {unknown}
Potions
 h - a potion of flight {unknown}
 i - a potion of might {unknown}
 j - a potion of berserk rage {unknown}
 k - 2 potions of heal wounds {unknown}
 l - a potion of lignification {unknown}


   Skills:
 + Level 2.0 Fighting
 + Level 3.1 Long Blades
 - Level 1.5 Throwing
 + Level 0.2 Armour
 + Level 3.6 Dodging
 * Level 0.3 Spellcasting


You had one spell level left.
You knew the following spells:

 Your Spells              Type           Power      Damage    Failure   Level
a - Apportation           Tloc           2%         N/A       36%         1
Your spell library was empty.

Dungeon Overview and Level Annotations

Branches:
Dungeon (1/15)

Altars:

Shops:
D:1 (

Annotations:
D:1 2 transporters


Innate Abilities, Weirdness & Mutations

You are immune to sickness and miasma.
You are immune to poison.
Your flesh is very heat resistant. (rF++)
You are vulnerable to cold. (rC-)
You float through the air rather than walking.
You learn spells naturally, not from books.
Your magical power is your life essence.
You have superior vitality. (+4 MHP)


Message History

Key pressed, stopping explore.
No target in view!
Key pressed, stopping explore.
No target in view!
An endoplasm comes into view.
Found 8 gold pieces.
An endoplasm is nearby!
The endoplasm freezes you.
You are frozen.
You feel a terrible chill!
An endoplasm is nearby!
You barely miss the endoplasm. The endoplasm freezes you.
You are frozen.
You feel a terrible chill!
An endoplasm is nearby!
You hit the endoplasm.
The endoplasm is lightly wounded.
The endoplasm freezes you.
You are frozen.
You feel a terrible chill! The endoplasm freezes you.
You are frozen.
You feel a terrible chill!
An endoplasm is nearby!
You are too injured to fight recklessly!
An endoplasm is nearby!
You are too injured to fight recklessly!
An endoplasm is nearby!
You are too injured to fight recklessly!
An endoplasm is nearby!
You are too injured to fight recklessly!
The endoplasm freezes you.
You are frozen.
You feel a terrible chill!
* * * LOW HITPOINT WARNING * * *
You hit the endoplasm.
The endoplasm is heavily wounded.
The endoplasm hits you.
* * * LOW HITPOINT WARNING * * *
You hit the endoplasm but do no damage.
The endoplasm is heavily wounded.
The endoplasm freezes you.
You are frozen!
You feel a terrible chill!
You die...

#.†...# #...#..[..
####### ##.#######
##.####... # #....##.#.
#.## #..~.~#.#. ...#
#.≈≈.~≈.#. ..#
#.≈≈∩~≈.#. #.###.##
#.≈≈≈≈≈.#.
#....J@#######..≈≈≈#...
#..###.#...............
#.................
#.#...............
...#######...###≈≈≈
#....# #...##~≈≈≈
##...# #...##~≈≈~ #...#
#...##~≈.~ $...#
#...##≈.≈.


You could see an endoplasm.

Vanquished Creatures
  2 endoplasms (D:1)
  2 giant cockroaches (D:1)
  2 goblins (D:1)
  2 hobgoblins (D:1)
  3 kobolds (D:1)
  3 ball pythons (D:1)
  2 bats (D:1)
  2 rats (D:1)
18 creatures vanquished.

Notes
Turn   | Place    | Note
-------+----------+-------------------------------------------
     0 | D:1      | qeuew the Djinni Gladiator began the quest for the Orb.
     0 | D:1      | Reached XP level 1. HP: 18/18 MP: 0/0
   136 | D:1      | Reached XP level 2. HP: 23/23 MP: 0/0
   139 | D:1      | Found Tuprof's Antique Weapon Boutique.
   672 | D:1      | Reached XP level 3. HP: 28/28 MP: 0/0
   672 | D:1      | Learned a level 1 spell: Apportation
   761 | D:1      | Frozen to death by an endoplasm

Illustrated notes

Levels and vault maps discovered:
D:1:      spicycebolla_arrival_transporter_tutorial, layout_loops_cross,
          serial_shops, nicolae_shop_waterfront,
          shapermc_ecumenical_altar_notcrosses, serial_glass, glass_columns_a,
          glass_columns_a, glass_columns_c, glass_columns_c, glass_columns_c,
          hangedman_feature_mirror

Skill      XL: |  1  2 |
---------------+-------+-----
Long Blades    | 3 |  3.1
Fighting       | |  2.0
Throwing       | |  1.5
Armour         | |  0.2
Dodging        | |  3.6
Spellcasting   | |  0.3

Action                   || total
-------------------------++-------
Melee: Long sword        ||    54
Armor: Leather armour    ||    14
Dodge: Dodged            ||    27
